 Dungeon Crawl Stone Soup version 0.20.1-1-g8b1a95d (console) character file.

19100 Kloppie the Fencer (level 12, 0/97 HPs)
             Began as a Merfolk Gladiator on July 23, 2017.
             Was a High Priest of Okawaru.
             Slain by a death yak (13 damage)
             ... on level 3 of the Lair of Beasts.
             The game lasted 00:19:27 (11366 turns).

Kloppie the Fencer (Merfolk Gladiator)             Turns: 11366, Time: 00:19:28

Health: 0/97       AC: 14    Str: 22    XL:     12   Next: 65%
Magic:  22/23      EV: 31    Int: 10    God:    Okawaru [*****.]
Gold:   867        SH:  0    Dex: 23    Spells: 8/11 levels left

rFire    . . .     SeeInvis .   a - +1 double sword (holy)
rCold    + . .     Gourm    .   (no shield)
rNeg     . . .     Faith    .   t - +2 robe of the Mantidfly {MR+ Str+3 Int+3}
rPois    +         Spirit   .   n - +2 helmet
rElec    .         Reflect  .   (no cloak)
rCorr    .         Harm     .   r - +2 pair of gloves
MR       +....                  (no boots)
Stlth    +++.......             O - amulet of regeneration
Regen    0.3/turn               u - +2 ring of protection
MPRegen  0.2/turn               H - ring of magical power

@: mighty, heroism
A: change form in water, swift swim, stealthy swim, yellow scales 1, agile 1,
cold resistance 1, poison resistance
a: Heroism, Finesse, Renounce Religion


You were on level 3 of the Lair of Beasts.
You worshipped Okawaru.
Okawaru was extremely pleased with you.
You were not hungry.

You visited 3 branches of the dungeon, and saw 14 of its levels.

You collected 867 gold pieces.

Inventory:

Hand Weapons
 a - a +1 double sword of holy wrath (weapon)
 b - a +4 long sword of flaming
 g - a +3 great sword
Missiles
 d - 4 throwing nets (quivered)
Armour
 n - a +2 helmet (worn)
 r - a +2 pair of gloves (worn)
 t - the +2 robe of the Mantidfly (worn) {MR+ Str+3 Int+3}
   (You found it on level 5 of the Dungeon)

   It affects your strength (+3).
   It affects your intelligence (+3).
   It affects your resistance to hostile enchantments.
Jewellery
 u - a +2 ring of protection (left hand)
 z - an uncursed ring of ice
 H - a ring of magical power (right hand)
 O - an amulet of regeneration (around neck)
Wands
 A - a wand of disintegration (12/24)
 D - a wand of confusion (1/48)
 I - a wand of polymorph (9/24)
 J - a wand of paralysis (12/24)
 K - a wand of digging (7/24)
Scrolls
 c - 5 scrolls of remove curse
 e - 5 scrolls of teleportation
 j - 5 scrolls of identify
 k - a scroll of fear
 l - 2 scrolls of magic mapping
 p - 4 scrolls of blinking
 w - a scroll of enchant weapon
 C - 2 scrolls of enchant armour
 E - 2 scrolls of amnesia
Potions
 o - a potion of agility
 q - 2 potions of cancellation
 s - a potion of brilliance
 v - a potion of invisibility
 x - a potion of resistance
 y - 4 potions of curing
 F - a potion of ambrosia
 G - a potion of haste
 M - a potion of flight
Books
 B - a book of Necromancy

   Spells                             Type                      Level
   a - Pain                           Necromancy                   1
   b - Animate Skeleton               Necromancy                   1
   c - Vampiric Draining              Necromancy                   3
   d - Regeneration                   Charms/Necromancy            3
   e - Animate Dead                   Necromancy                   4
   f - Control Undead                 Necromancy                   4
Comestibles
 f - 14 bread rations
 h - 20 fruits
 i - 8 royal jellies
 m - 6 meat rations
 L - 14 chunks of flesh


   Skills:
 + Level 10.2(15.2) Fighting
 + Level 15.4(20.4) Long Blades
 - Level 2.0(7.0) Throwing
 - Level 14.0(19.0) Dodging
 - Level 3.8 Invocations


You had 8 spell levels left.
You knew the following spells:

 Your Spells              Type           Power        Failure   Level  Hunger
a - Regeneration          Chrm/Necr      #.........   75%         3    ####...


Dungeon Overview and Level Annotations

Branches:
Dungeon (10/15)            Temple (1/1) D:5            Lair (3/6) D:9
    Orc (0/2) D:10
  Swamp: Lair:2-4    Shoals: Lair:2-4     Snake: Lair:2-4    Spider: Lair:2-4

Altars:
Ashenzari
Cheibriados
Dithmenos
Elyvilon
Fedhas
Gozag
Hepliaklqana
Kikubaaqudgha
Makhleb
Nemelex Xobeh
Okawaru
Qazlal
Ru
Sif Muna
Trog
Uskayaw
Vehumet
Xom
Yredelemnul
Zin
The Shining One
Beogh

Shops:
D:8 }   D:10 (


Innate Abilities, Weirdness & Mutations

You revert to your normal form in water.
You are very nimble and swift while swimming.
You are very stealthy in the water. (Stealth+)
You are partially covered in yellow scales. (AC +2)
You are agile. (Dex +2)
Your flesh is cold resistant. (rC+)
Your system is resistant to poisons. (rPois)


Message History

The death yak completely misses you.
You riposte.
You barely miss the death yak.
The death yak is lightly wounded.
You fail to use your ability.
The death yak gores you but does no damage.
You feel very mighty all of a sudden. The death yak completely misses you.
You barely miss the death yak.
The death yak is lightly wounded.
The death yak gores you!!
* * * LOW HITPOINT WARNING * * *
You slash the death yak!
The death yak is lightly wounded.
The death yak completely misses you.
You hit the death yak.
The death yak is lightly wounded.
You slice the death yak!!
The death yak is severely wounded.
The death yak gores you!
You die...

#..................
#..................
#...........<......
##.....###..........
##....P....#....Y.Y?.
#.#.........YY.Y.....
###
#...P.P...#YY.###..#
##.###.....>...#Y###
. .........P.P...#@#
##.............#.#
#.......P.P.....#
#.................
##...#.#.P.P...#.##
P#......P.##P..##..
................ ..
.............. .
.............


You could see 5 death yaks.

Vanquished Creatures
  2 hydras (Lair:3)
  A two-headed ogre (D:9)
  A death yak (Lair:3)
  6 elephants (Lair:3)
  The ghost of Shavain the Shield-Bearer, a novice FoFi (D:4)
  5 spiny frogs
  A rime drake (Lair:3)
  4 komodo dragons
  The ghost of Knicklaso the Slasher, an amateur DsCK of Xom (D:5)
  A hippogriff (D:8)
  Sigmund (D:5)
  23 yaks
  3 hogs (D:9)
  2 basilisks (Lair:2)
  A human (D:9)
  Menkaure (D:7)
  3 wargs (D:9)
  2 water moccasins (Lair:1)
  5 orc warriors
  3 porcupines
  An ice beast (D:9)
  A black bear (D:9)
  A phantom (D:4)
  3 sky beasts
  A necrophage (D:5)
  An eye of draining (D:9)
  2 ogres
  10 centaurs
  7 crocodiles
  2 big kobolds
  7 bullfrogs
  Blork the orc (D:5)
  A water moccasin zombie (D:4)
  A scorpion (D:9)
  5 killer bees (D:10)
  5 wights (D:8)
  2 bullfrog zombies
  A centaur zombie (D:8)
  4 crimson imps
  4 orc priests
  4 jellies
  18 orc wizards
  6 hounds
  3 bullfrog skeletons
  4 iguanas
  A centaur skeleton (D:4)
  6 worker ants
  A hound zombie (D:8)
  2 worker ant zombies
  4 gnolls (D:9)
  12 adders
  A shadow imp (D:6)
  2 oozes
  2 adder skeletons
  3 worms
  3 dart slugs
  8 leopard geckos
  59 orcs
  5 giant cockroaches
  5 goblins
  5 hobgoblins
  6 jackals (D:2)
  14 kobolds
  A quokka (D:9)
  12 bats
  10 frilled lizards
  A jackal zombie (D:6)
  2 leopard gecko skeletons
  A quokka skeleton (D:7)
  5 rats
  A bush (D:5)
  A plant (D:5)
335 creatures vanquished.

Vanquished Creatures (others)
  A human (D:9)
  2 fungi
  2 plants
5 creatures vanquished.

Grand Total: 340 creatures vanquished

Notes
Turn   | Place    | Note
-------+----------+-------------------------------------------
     0 | D:1      | Kloppie the Merfolk Gladiator began the quest for the Orb.
     0 | D:1      | Reached XP level 1. HP: 16/16 MP: 1/1
   134 | D:1      | Reached XP level 2. HP: 23/23 MP: 2/2
   661 | D:2      | Reached XP level 3. HP: 29/29 MP: 3/3
   699 | D:2      | Reached skill level 4 in Long Blades
  1171 | D:2      | Reached XP level 4. HP: 29/35 MP: 4/4
  1443 | D:3      | Found a shimmering altar of Xom.
  1735 | D:4      | Noticed a phantom
  1797 | D:4      | Killed a phantom
  1797 | D:4      | Reached skill level 5 in Long Blades
  1797 | D:4      | Reached XP level 5. HP: 25/43 MP: 5/5
  1864 | D:4      | Reached XP level 6. HP: 30/50 MP: 6/6
  1880 | D:4      | Noticed Shavain's ghost (novice FoFi)
  1919 | D:3      | Reached skill level 5 in Fighting
  2089 | D:4      | Found Gor Aneps's Assorted Antiques.
  2187 | D:4      | Reached skill level 6 in Long Blades
  2194 | D:4      | HP: 2/51 [orc priest/divine providence (13)]
  2331 | D:4      | Gained mutation: You are partially covered in yellow scales. (AC +2) [potion of mutation]
  2331 | D:4      | Gained mutation: Your flesh is cold resistant. (rC+) [potion of mutation]
  2331 | D:4      | Gained mutation: You are agile. (Dex +2) [potion of mutation]
  2331 | D:4      | Gained mutation: Your system is resistant to poisons. (rPois) [potion of mutation]
  2335 | D:4      | Killed Shavain's ghost
  2335 | D:4      | Reached skill level 7 in Long Blades
  2335 | D:4      | Reached XP level 7. HP: 46/59 MP: 7/7
  2695 | D:5      | Entered Level 5 of the Dungeon
  2718 | D:5      | Reached XP level 8. HP: 55/65 MP: 8/8
  2938 | D:5      | Reached skill level 5 in Dodging
  2944 | D:5      | Reached skill level 8 in Long Blades
  2945 | D:5      | Found a staircase to the Ecumenical Temple.
  2980 | Temple   | Entered the Ecumenical Temple
  3199 | Temple   | Became a worshipper of Warmaster Okawaru
  3308 | D:5      | Found a basalt altar of Yredelemnul.
  3333 | D:5      | Noticed Knicklaso's ghost (amateur DsCK)
  3338 | D:5      | Got a shadowed robe
  4115 | D:5      | Noticed Blork the orc
  4121 | D:5      | Killed Blork the orc
  4123 | D:5      | Reached skill level 9 in Long Blades
  4164 | D:5      | Noticed Sigmund
  4188 | D:5      | Killed Sigmund
  4188 | D:5      | Reached * piety under Okawaru
  4209 | D:5      | Identified the +2 robe of the Mantidfly {MR+ Str+3 Int+3} (You found it on level 5 of the Dungeon)
  4243 | D:5      | Reached XP level 9. HP: 68/71 MP: 9/9
  4551 | D:5      | Killed Knicklaso's ghost
  5093 | D:6      | Reached skill level 10 in Long Blades
  5135 | D:6      | Reached ** piety under Okawaru
  5189 | D:6      | Reached skill level 1 in Invocations
  5423 | D:6      | Found an ancient bone altar of Kikubaaqudgha.
  5645 | D:7      | Noticed Menkaure
  5656 | D:7      | Killed Menkaure
  6043 | D:7      | Got a blackened chain mail
  6058 | D:7      | Identified the cursed +0 chain mail "Qaucasm" {+Blink Str+2} (You found it on level 7 of the Dungeon)
  6383 | D:8      | Found Yfotadd's Gadget Emporium.
  6445 | D:8      | Reached skill level 11 in Long Blades
  6445 | D:8      | Reached XP level 10. HP: 74/77 MP: 12/12
  6562 | D:8      | Reached skill level 10 in Dodging
  6658 | D:8      | Reached *** piety under Okawaru
  6796 | D:9      | Found a burning altar of Makhleb.
  6830 | D:9      | Noticed a two-headed ogre
  6841 | D:9      | Killed a two-headed ogre
  6853 | D:9      | Reached **** piety under Okawaru
  7002 | D:9      | Reached skill level 12 in Long Blades
  7155 | D:9      | Reached ***** piety under Okawaru
  7157 | D:9      | Received a gift from Okawaru
  7348 | D:9      | Found an ancient bone altar of Kikubaaqudgha.
  7403 | D:9      | Found a staircase to the Lair.
  7773 | D:10     | Entered Level 10 of the Dungeon
  7851 | D:10     | Reached XP level 11. HP: 77/83 MP: 13/13
  7908 | D:10     | Received a gift from Okawaru
  8014 | D:10     | Found a staircase to the Orcish Mines.
  8093 | D:10     | Reached skill level 13 in Long Blades
  8222 | D:10     | Found Fovorch's Antique Weapon Boutique.
  8399 | D:10     | Found a roughly hewn altar of Beogh.
  8450 | Lair:1   | Entered Level 1 of the Lair of Beasts
  8709 | Lair:1   | Received a gift from Okawaru
  9910 | Lair:2   | Learned a level 3 spell: Regeneration
  9993 | Lair:2   | Reached skill level 14 in Long Blades
 10609 | Lair:2   | Received a gift from Okawaru
 10619 | Lair:2   | Reached XP level 12. HP: 92/92 MP: 14/14
 10765 | Lair:3   | Noticed a seven-headed hydra
 10782 | Lair:3   | Killed a one-headed hydra
 11139 | Lair:3   | Reached skill level 15 in Long Blades
 11154 | Lair:3   | Received a gift from Okawaru
 11310 | Lair:3   | Noticed a four-headed hydra
 11325 | Lair:3   | Killed a one-headed hydra
 11325 | Lair:3   | Reached skill level 10 in Fighting
 11334 | Lair:3   | Noticed a death yak
 11334 | Lair:3   | Noticed a death yak
 11335 | Lair:3   | Noticed a death yak
 11337 | Lair:3   | Noticed a death yak
 11339 | Lair:3   | Noticed a death yak
 11346 | Lair:3   | Noticed a death yak
 11358 | Lair:3   | Killed a death yak
 11366 | Lair:3   | Slain by a death yak

Skill      XL: |  1  2  3  4  5  6  7  8  9 10 11 12 |
---------------+-------------------------------------+-----
Fighting       | 3 4 6 8 10 | 10.2
Long Blades    | 4 5 7 9 11 12 14 15 | 15.4
Dodging        | 7 9 12 14 | 14.0
Invocations    | 3 |  3.8
Throwing       | |  2.0

Action                   |  1- 3 |  4- 6 |  7- 9 | 10-12 || total
-------------------------+-------+-------+-------+-------++-------
Melee: Long sword        |    86 |   165 |   400 |   299 ||   950
       Tailslap          |       |     1 |     2 |       ||     3
       Double sword      |       |       |       |   268 ||   268
       Punch             |       |       |       |     3 ||     3
Throw: Throwing net      |       |       |     1 |     1 ||     2
Invok: Heroism           |       |       |       |     3 ||     3
Evoke: Wand              |       |       |     7 |       ||     7
  Use: Potion            |       |    14 |     1 |     1 ||    16
       Scroll            |       |       |    23 |     9 ||    32
 Stab: Sleeping          |       |       |     2 |     7 ||     9
       Distracted        |       |       |       |     1 ||     1
  Eat: Chunk             |     1 |     4 |    14 |    16 ||    35
Armor: Leather armour    |     1 |       |       |       ||     1
       Scale mail        |    37 |    93 |    84 |       ||   214
       Robe              |       |       |    36 |   101 ||   137
Dodge: Dodged            |    66 |    84 |   259 |   550 ||   959
       Rpst.: Long sword |    19 |    28 |    78 |    79 ||   204
       Double sword      |       |       |       |    63 ||    63
